 Dungeon Crawl Stone Soup version 0.27-a0-1188-g73eefd5def (webtiles) character file.

Game seed: 5392230707971670323

96 spiderkeys the Skirmisher (level 4, -2/28 HPs)
             Began as a Tengu Abyssal Knight on May 20, 2021.
             Was a Follower of Lugonu.
             Slain by a gnoll
             ... wielding a +0 spear
              (7 damage)
             ... on level 4 of the Dungeon.
             The game lasted 00:04:35 (2781 turns).

spiderkeys the Skirmisher (Tengu Abyssal Knight)    Turns: 2781, Time: 00:04:35

Health: -2/28      AC: 10    Str: 13    XL:     4   Next: 67%
Magic:  6/6        EV:  6    Int: 13    God:    Lugonu [*.....]
Gold:   167        SH:  5    Dex: 13    Spells: 3/3 levels left

rFire    . . .     SeeInvis .   a - +2 spear
rCold    . . .     Faith    .   (no shield)
rNeg     . . .     Spirit   .   k - +1 chain mail
rPois    +         Reflect  +   (helmet restricted)
rElec    .         Harm     .   i - scarf {repulsion}
rCorr    .         Rampage  .   (no gloves)
Will     +....                  (boots unavailable)
Stlth    ..........             e - amulet of reflection
HPRegen  0.09/turn              q - ring of Vynegh {rPois Will+}
MPRegen  0.10/turn              (no ring)

@: repel missiles
A: beak, talons 3
a: Renounce Religion, Depart the Abyss


You were on level 4 of the Dungeon.
You worshipped Lugonu.
Lugonu was aware of your devotion.
You visited 1 branch of the dungeon, and saw 4 of its levels.
You visited the Abyss 1 time.

You collected 167 gold pieces.


Innate Abilities, Weirdness & Mutations

You have a beak for a mouth.
You have claws for feet.


   Skills:
 + Level 3.5 Fighting
 + Level 2.9 Polearms
 + Level 3.1 Armour
 + Level 2.2 Dodging
 + Level 2.3 Invocations


You had 3 spell levels left.
You didn't know any spells.
Your spell library contained the following spells:

 Spells                   Type           Power      Damage    Failure   Level
 Sting                    Tmut/Pois      0%         1d3       100%        1
 Poisonous Vapours        Pois/Air       0%         N/A       100%        2
 Ignite Poison            Fire/Tmut/Pois 0%         N/A       100%        3
 Mephitic Cloud           Conj/Pois/Air  0%         N/A       100%        3
 Olgreb's Toxic Radiance  Pois           0%         N/A       100%        4

Inventory:

Hand Weapons
 a - a +2 spear (weapon)
Missiles
 b - 17 bolts
 c - 28 arrows
 g - 38 sling bullets
 h - 3 javelins
 j - 99 stones
Armour
 i - a scarf of repulsion (worn)
   (You found it on level 1 of the Dungeon)
 k - a +1 chain mail (worn)
   (You found it on level 1 of the Dungeon)
Jewellery
 e - an amulet of reflection (around neck)
   (You found it on level 2 of the Abyss)
 q - the ring of Vynegh (left hand) {rPois Will+}
   (You found it on level 4 of the Dungeon)

   [ring of poison resistance]

   It protects you from poison.
   It increases your willpower.
Scrolls
 t - a scroll of identify {@r1}
Potions
 d - 3 potions of curing {@q1}
 f - a potion of attraction {!q}
 l - 2 potions of degeneration {unknown}
 m - a potion of invisibility {unknown}
 n - a potion of lignification {unknown}
 o - 2 potions of cancellation {unknown}
 p - a potion of magic {unknown}
 s - a potion of heal wounds {unknown}

Dungeon Overview and Level Annotations

Branches:
Dungeon (4/15)
 Temple: D:4-7

Altars:
Ru
Wu Jian

Annotations:
D:3 3 runed translucent doors, Cheivey's ghost, amateur GrFi

#.......##....#...##........##.
#........#.#......##...........
#.).........###...........
##..##.......##...........
#...#..........#.........
#............#...........
##.....................>.
##......)................
#####......<..@g.........##..
#............g...............
...........................#...
...................#.......#...
#...............####...........
###........###..## #..........
...........##...###..........
##..##..##..#.....#..##.......
### #........#......###......


You could see 2 gnolls.


Message History

The endoplasm quivers.
A giant cockroach comes into view.
The kobold hits you but does no damage.
There is a stone staircase leading up here.
You hit the endoplasm. You hit the endoplasm. The endoplasm closely misses you.
The kobold hits you but does no damage.
You hit the endoplasm.
You kill the endoplasm!
Lugonu accepts your kill. You block the kobold's attack.
You closely miss the kobold. You claw the kobold.
You kill the kobold!
Lugonu accepts your kill.
You hit the giant cockroach but do no damage.
You claw the giant cockroach. The giant cockroach closely misses you.
You barely miss the giant cockroach.
The giant cockroach bites you but does no damage.
Your chain mail prevents you from hitting the giant cockroach.
The giant cockroach barely misses you.
You barely miss the giant cockroach. Your kick misses the giant cockroach.
The giant cockroach bites you but does no damage.
Your chain mail prevents you from hitting the giant cockroach.
Your kick misses the giant cockroach.
You block the giant cockroach's attack. 😎 HP[+1]
Your hp is fully restored (28).
You hit the giant cockroach but do no damage.
Your kick misses the giant cockroach. Your peck misses the giant cockroach.
The giant cockroach bites you but does no damage.
The giant cockroach barely misses you.
You barely miss the giant cockroach. Your kick misses the giant cockroach.
The giant cockroach bites you. 😕 HP[-2]
You take 2 damage, and now have 26/28 hp.
You barely miss the giant cockroach.
The giant cockroach bites you but does no damage.
You hit the giant cockroach but do no damage.
Your kick misses the giant cockroach. Your peck misses the giant cockroach.
The giant cockroach bites you. 😕 HP[-2]
You take 2 damage, and now have 24/28 hp.
You closely miss the giant cockroach. Your kick misses the giant cockroach.
You block the giant cockroach's attack.
You hit the giant cockroach but do no damage.
You block the giant cockroach's attack. The giant cockroach barely misses you.
You hit the giant cockroach.
You kill the giant cockroach!
Lugonu accepts your kill.
There is a stone staircase leading up here. 😕 HP[+1] 😕 HP[+1]
Found a stone staircase leading down. 😕 HP[+1]
You hear the slow hiss of a very distant avalanche of sand. 😎 HP[+1]
Your hp is fully restored (28).
You see here a +2 quarterstaff of draining.
q - the ring of Vynegh {rPois Will+}
q - the ring of Vynegh (left hand) {rPois Will+}
There is a stone staircase leading up here.
The gnoll shouts!
You climb upwards.
Level annotation: 3 runed translucent doors, Cheivey's ghost, amateur GrFi
There is a stone staircase leading down here.
You climb downwards.
You hear the hiss of flowing sand.
There is an entrance to an ossuary on this level.
Hurry and find it before the portal is buried!
There is a stone staircase leading up here.
You reach to attack!
You hit the gnoll. The gnoll hits you but does no damage.
You reach to attack!
You barely miss the gnoll.
The gnoll hits you from afar with a +0 spear. 😕 HP[-3]
You take 3 damage, and now have 25/28 hp.
You reach to attack!
You hit the gnoll.
The gnoll hits you from afar with a +0 spear. 😕 HP[-3]
You take 3 damage, and now have 22/28 hp.
You reach to attack!
You closely miss the gnoll. The gnoll barely misses you.
You reach to attack!
You hit the gnoll.
The gnoll hits you from afar with a +0 spear. 😮 HP[-3]
You take 3 damage, and now have 19/28 hp.
You are too injured to fight recklessly!
You are too injured to fight recklessly!
You are too injured to fight recklessly!
You are too injured to fight recklessly!
You are too injured to fight recklessly!
The gnoll hits you but does no damage.
You hit the gnoll but do no damage. You block the gnoll's attack.
The gnoll hits you with a +0 spear!
* * * LOW HITPOINT WARNING * * *
The gnoll hits you with a +0 spear!
* * * LOW HITPOINT WARNING * * *
😱 HP[-14]
You take 14 damage, and now have 5/28 hp.
MASSIVE DAMAGE!! (PAUSE)
Okay, then.
You closely miss the gnoll. The gnoll hits you but does no damage.
The gnoll hits you with a +0 spear!
You die...

Skill      XL: |  1  2  3  4 |
---------------+-------------+-----
Invocations    | 2 |  2.3
Dodging        | 2 |  2.2
Armour         | 3 |  3.1
Fighting       | |  3.5
Polearms       | |  2.9

Action                   |  1- 3 |  4- 6 || total
-------------------------+-------+-------++-------
Melee: Spear             |    98 |    60 ||   158
       Kick              |    14 |     7 ||    21
       Peck              |     7 |     3 ||    10
Invok: Depart the Abyss  |     1 |       ||     1
  Use: Scroll            |     6 |     2 ||     8
 Stab: Sleeping          |     1 |       ||     1
Armor: Leather armour    |     6 |       ||     6
       Chain mail        |    15 |    19 ||    34
Dodge: Dodged            |    27 |    15 ||    42
Block: Other             |    14 |    14 ||    28
       Reflection        |       |     1 ||     1

Levels and vault maps discovered:
D:1:      nzn_arrival_depleted_hourglass, layout_loops_ring, minivault_23,
          minmay_pentomino_t4
D:2:      layout_loops_cross, basic_altar, shapermc_ecumenical_altar_hornbeckon
D:3:      layout_loops_ring, lemuel_round_altar, gammafunk_ghost_split,
          hangedman_glass_garden
D:4:      layout_cave_pools, nicolae_ossuary_entry_ruins, corexii_corridor_pit,
          kennysheep_generic_room_16

Notes
Turn   | Place    | Note
-------+----------+-------------------------------------------
     0 | Abyss:1  | spiderkeys the Tengu Abyssal Knight began the quest for the
                  | Orb.
     0 | Abyss:1  | Reached XP level 1. HP: 14/14 MP: 3/3
     0 | Abyss:1  | magus.rc [v1.9.10]
    51 | Abyss:2  | Found a corrupted altar of Lugonu.
    61 | Abyss:2  | Noticed a chaos spawn
    61 | Abyss:2  | Noticed a chaos spawn
    62 | Abyss:2  | Noticed a chaos spawn
    91 | Abyss:2  | Noticed an efreet
   104 | Abyss:2  | Noticed a small abomination
   107 | Abyss:2  | Noticed a rakshasa
   108 | D:1      | You pass through the gate.
   108 | D:1      | Escaped the Abyss
   184 | D:1      | Reached XP level 2. HP: 19/19 MP: 4/4
   232 | D:1      | You add the spells Sting, Poisonous Vapours, Mephitic
                  | Cloud, Ignite Poison and Olgreb's Toxic Radiance to your
                  | library.
   628 | D:1      | Reached XP level 3. HP: 21/23 MP: 5/5
   763 | D:1      | Reached skill level 2 in Invocations
  1089 | D:2      | Found a sacrificial altar of Ru.
  1232 | D:2      | Found a faded altar of an unknown god.
  1533 | D:2      | Reached * piety under Lugonu
  1937 | D:3      | Reached XP level 4. HP: 28/28 MP: 6/6
  1945 | D:3      | Found a runed translucent gate.
  1945 | D:3      | Found a runed translucent gate.
  1945 | D:3      | Found a runed translucent gate.
  1945 | D:3      | Noticed Cheivey's ghost (amateur GrFi)
  2100 | D:3      | Reached skill level 2 in Dodging
  2128 | D:3      | Found an ornate altar of the Wu Jian Council.
  2593 | D:4      | Reached skill level 3 in Armour
  2757 | D:4      | Identified the ring of Vynegh {rPois Will+}
  2780 | D:4      | HP: 5/28 [gnoll/+0 spear (7)]
  2781 | D:4      | Slain by a gnoll

Vanquished Creatures
  An adder (D:3)
  2 gnolls (D:4)
  An ufetubus (Abyss:1)
  A worm (D:3)
  A dart slug (D:1)
  An orc (D:3)
  6 ball pythons
  5 bats
  2 endoplasms
  3 giant cockroaches
  4 goblins
  4 hobgoblins
  4 jackals
  3 quokkas (D:1)
  2 frilled lizards (D:1)
  6 kobolds
  5 rats
51 creatures vanquished.

Vanquished Creatures (others)
  A demonic plant (Abyss:2)
  A plant (D:3)
2 creatures vanquished.

Grand Total: 53 creatures vanquished

Table legend:
 A = Non-vault XP
 B = Vault XP
 C = Vault XP percentage of total XP
 D = Non-vault monster count
 E = Vault monster count
 F = Vault count percentage of total count
                 A         B        C        D         E       F
            +---------+---------+-------+---------+---------+-------
      Total |     134 |       4 |   2.9 |      49 |       2 |   3.9
            +---------+---------+-------+---------+---------+-------
        D:1 |      31 |       4 |  11.4 |      18 |       2 |  10.0
        D:2 |      21 |       0 |   0.0 |      13 |       0 |   0.0
        D:3 |      39 |       0 |   0.0 |      12 |       0 |   0.0
        D:4 |      35 |       0 |   0.0 |       5 |       0 |   0.0
    Abyss:1 |       8 |       0 |   0.0 |       1 |       0 |   0.0
            +---------+---------+-------+---------+---------+-------

Illustrated notes

Table legend:
 A = Kills in this place as a percentage of kills in entire the game.
 B = Kills by you in this place as a percentage of kills by you in the entire game.
 C = Kills by friends in this place as a percentage of kills by friends in the entire game.
 D = Other kills in this place as a percentage of other kills in the entire game.
 E = Experience gained in this place as a percentage of experience gained in the entire game.
 F = Experience gained in this place divided by the number of levels of this place that you have seen.
                   A       B       C       D       E      F
               +-------+-------+-------+-------+-------+----------------------
         Total | 100.0 | 100.0 |   N/A |   N/A | 100.0 |  23.0
       Dungeon |  98.0 |  98.0 |   N/A |   N/A |  94.2 |  32.5
         Abyss |   2.0 |   2.0 |   N/A |   N/A |   5.8 |   4.0
               +-------+-------+-------+-------+-------+----------------------

Table legend: (Time is in decaauts)
 A = Elapsed time spent in this place.
 B = Non-inter-level travel time spent in this place.
 C = Inter-level travel time spent in this place.
 D = Time resting spent in this place.
 E = Time spent auto-exploring this place.
 F = Levels seen in this place.
 G = Mean time per level.
                   A        B        C        D        E       F      G
               +--------+--------+--------+--------+--------+-----+--------+
         Total |   2782 |   2663 |    119 |      0 |   2156 |   6 |  463.7 |
       Dungeon |   2674 |   2555 |    119 |      0 |   2149 |   4 |  668.5 |
         Abyss |    107 |    107 |      0 |      0 |      7 |   2 |   53.5 |
               +--------+--------+--------+--------+--------+-----+--------+

Top non-repeatable levels by time:
     D:1: 957 daAuts
     D:3: 903 daAuts
     D:2: 669 daAuts
     D:4: 144 daAuts
 Abyss:2: 56 daAuts
 Abyss:1: 51 daAuts
